 Dungeon Crawl Stone Soup version 0.18.1-48-g4cf74bf (webtiles) character file.

8777 Mesmaeker13 the Basher (level 11, 0/113 HPs)
             Began as an Ogre Hunter on June 30, 2016.
             Was an Elder of Makhleb.
             Slain by a killer bee (3 damage)
             ... on level 11 of the Dungeon.
             The game lasted 00:43:21 (16893 turns).

Mesmaeker13 the Basher (Ogre Hunter)               Turns: 16893, Time: 00:43:22

Health: 0/113      AC:  4    Str: 25    XL:     11   Next: 36%
Magic:  14/14      EV: 13    Int: 10    God:    Makhleb [****..]
Gold:   602        SH:  0    Dex: 11    Spells: 0 memorised, 10 levels left

rFire  . . .     SeeInvis .     O - +3 dire flail (freeze)
rCold  . . .     Gourm    +     k - +0 robe {MR+}
rNeg   . . .     Faith    .     (shield currently unavailable)
rPois  +         Spirit   .     (helmet restricted)
rElec  .         Dismiss  .     D - +0 cloak
rCorr  .         Reflect  .     (gloves unavailable)
SustAt .         Harm     .     (boots unavailable)
MR     ++...                    p - amulet of the gourmand
Stlth  +.........               E - ring of poison resistance
                                G - +4 ring of strength

@: very slightly contaminated, drained, very resistant to hostile enchantments,
very unstealthy
A: unfitting armour, tough skin 1
a: Minor Destruction, Lesser Servant of Makhleb, Major Destruction, Renounce
Religion


You were on level 11 of the Dungeon.
You worshipped Makhleb.
Makhleb was greatly pleased with you.
You were very full.

You visited 2 branches of the dungeon, and saw 12 of its levels.

You collected 602 gold pieces.

Inventory:

Hand Weapons
 w - a +0 blowgun
 y - a +3 giant spiked club
 O - a +3 dire flail of freezing (weapon)
Missiles
 e - 81 poisoned needles
 j - 14 tomahawks
 u - 2 throwing nets
 C - a large rock (quivered)
 F - 3 poisoned javelins
Armour
 k - a +0 robe of magic resistance (worn)
 D - a +0 cloak (worn)
Jewellery
 a - an uncursed ring of protection from fire
 o - an uncursed ring of protection from magic
 p - an amulet of the gourmand (around neck)
 r - an uncursed ring of magical power
 E - a ring of poison resistance (right hand)
 G - a +4 ring of strength (left hand)
 J - an uncursed ring of positive energy
Wands
 m - a wand of digging (10/24)
 M - a wand of iceblast (6/15)
Scrolls
 b - a scroll of immolation
 c - a scroll of fog
 d - a scroll of torment {unknown}
 g - 2 scrolls of recharging
 i - 3 scrolls of magic mapping
 t - a scroll of amnesia
 R - a scroll of enchant armour {unknown}
Potions
 l - 2 potions of flight
 q - 2 potions of cancellation
 H - a potion of agility {unknown}
 I - a potion of heal wounds
 L - a potion of berserk rage {unknown}
Books
 B - a book of Changes

   Spells                             Type                      Level
   a - Beastly Appendage              Transmutation                1
   b - Sticks to Snakes               Transmutation                2
   c - Spider Form                    Transmutation/Poison         3
   d - Ice Form                       Ice/Transmutation            4
   e - Blade Hands                    Transmutation                5
 Q - a book of Air

   Spells                             Type                      Level
   a - Shock                          Conjuration/Air              1
   b - Swiftness                      Charms/Air                   2
   c - Repel Missiles                 Charms/Air                   2
   d - Static Discharge               Conjuration/Air              3
   e - Lightning Bolt                 Conjuration/Air              5
Comestibles
 f - 5 bread rations
 n - a royal jelly
 v - 5 slices of pizza
 x - a beef jerky
 K - a meat ration


   Skills:
 + Level 8.5(7.8) Fighting
 + Level 13.8(12.9) Maces & Flails
 - Level 5.2(4.5) Throwing
 - Level 10.0(9.3) Dodging
 - Level 0.7(0.1) Stealth
 + Level 4.0(3.4) Invocations


You had 10 spell levels left.
You didn't know any spells.

Dungeon Overview and Level Annotations

Branches:
Dungeon (11/15)            Temple (1/1) D:4            Lair (0/8) D:11
    Orc: D:9-12

Altars:
Ashenzari
Cheibriados
Dithmenos
Elyvilon
Fedhas
Gozag
Kikubaaqudgha
Makhleb
Nemelex Xobeh
Okawaru
Pakellas
Qazlal
Ru
Sif Muna
Trog
Vehumet
Xom
Yredelemnul
Zin
The Shining One


Innate Abilities, Weirdness & Mutations

You are too large for most types of armour.
You have tough skin (AC +1).


Message History

Blink to where?
Press: ? - help, Dir - move target cursor You are very lightly contaminated with residual magic.
As you read the scroll of blinking, it crumbles to dust. 2 killer bees come into view.
The killer bee buzzes angrily.
The killer bee stings you.
* * * LOW HITPOINT WARNING * * *
The killer bee stings you.
* * * LOW HITPOINT WARNING * * *
The killer bee stings you.
* * * LOW HITPOINT WARNING * * *
The killer bee barely misses you.
Found a scroll labeled UPOSCH SAMO OBO.
The killer bee closely misses you. The killer bee barely misses you.
The killer bee closely misses you. The killer bee closely misses you.
The killer bee stings you.
* * * LOW HITPOINT WARNING * * *
The killer bee stings you.
You die...

**,*,**,* **,,,,,** *,*
*,,,,,,* **,,,** *,*
***,******##*#+#* *,*
*,,,,,,,..*#.# *,*
*,###*###.##.#####****,*
*,#..,,...##.#....,,,,,*
*,#.#####.#?...#********
#,#.#....yyyy..#
#.#.#.###.#.@.##
#.#.#.###y##.##
#.........####
###.#####.# #..C..T.#
#########


You could see 4 killer bees.

Vanquished Creatures
  The ghost of Rationalist the Blocker, a novice MiFi (D:6)
  A manticore (D:10)
  Joseph (D:7)
  A gargoyle (D:10)
  Grinder (D:6)
  A yak (D:7)
  A hog (D:7)
  A human (D:7)
  3 hippogriffs
  Menkaure (D:6)
  A mottled dragon (D:11)
  Duvessa (D:5)
  2 black bears
  An ice beast (D:7)
  4 phantoms
  3 sky beasts
  3 orc warriors
  A wasp (D:9)
  6 ogres
  A necrophage (D:8)
  2 centaurs
  11 big kobolds
  A crocodile (D:9)
  Blork the orc (D:6)
  9 giant frogs
  Dowan (D:5)
  A water moccasin zombie (D:5)
  A scorpion (D:11)
  6 killer bees
  8 wights
  2 howler monkeys (D:9)
  An electric eel (D:10)
  5 crimson imps
  3 giant frog skeletons
  2 jellies
  6 hounds
  6 orc priests
  8 orc wizards
  3 iguanas
  5 worker ants
  2 sheep (D:7)
  A hound skeleton (D:4)
  2 worker ant zombies
  A howler monkey zombie (D:6)
  11 gnolls
  16 adders
  2 shadow imps
  An ooze (D:1)
  2 adder zombies (D:5)
  4 adder skeletons
  A worm (D:2)
  2 dart slugs (D:1)
  4 giant geckos
  34 orcs
  2 giant cockroaches (D:2)
  6 goblins
  8 hobgoblins
  5 jackals
  6 quokkas
  A ball python (D:2)
  6 bats
  A giant gecko skeleton (D:8)
  2 giant newts (D:3)
  34 kobolds
  A quokka skeleton (D:5)
  7 rats
279 creatures vanquished.

Vanquished Creatures (collateral kills)
  2 killer bees (D:10)
2 creatures vanquished.

Vanquished Creatures (others)
  A kobold (D:11)
1 creature vanquished.

Grand Total: 282 creatures vanquished

Notes
Turn   | Place    | Note
--------------------------------------------------------------
     0 | D:1      | Mesmaeker13 the Ogre Hunter began the quest for the Orb.
     0 | D:1      | Reached XP level 1. HP: 22/22 MP: 1/1
   289 | D:1      | Reached XP level 2. HP: 28/29 MP: 2/2
   581 | D:1      | Reached XP level 3. HP: 31/37 MP: 3/3
  1191 | D:2      | Found a sparkling altar of Nemelex Xobeh.
  1337 | D:2      | Reached XP level 4. HP: 45/45 MP: 4/4
  1783 | D:3      | Reached skill level 1 in Maces & Flails
  1943 | D:3      | Noticed an ogre
  1962 | D:3      | Killed an ogre
  1962 | D:3      | Reached skill level 2 in Maces & Flails
  1962 | D:3      | Reached skill level 5 in Throwing
  1962 | D:3      | Reached XP level 5. HP: 40/55 MP: 5/5
  2627 | D:3      | Reached XP level 6. HP: 53/63 MP: 6/6
  2951 | D:3      | Reached skill level 3 in Maces & Flails
  3574 | D:4      | Noticed a phantom
  3598 | D:3      | Reached skill level 5 in Fighting
  3913 | D:4      | Killed a phantom
  3913 | D:4      | Reached skill level 4 in Maces & Flails
  3913 | D:4      | Reached XP level 7. HP: 43/72 MP: 7/7
  4172 | D:4      | Reached skill level 5 in Maces & Flails
  4659 | D:4      | Found a staircase to the Ecumenical Temple.
  5155 | D:4      | Reached skill level 6 in Maces & Flails
  5155 | D:4      | Reached skill level 5 in Dodging
  5548 | D:4      | Reached XP level 8. HP: 38/80 MP: 8/8
  5928 | Temple   | Entered the Ecumenical Temple
  6009 | Temple   | Became a worshipper of Makhleb the Destroyer
  6095 | D:5      | Entered Level 5 of the Dungeon
  6614 | D:5      | Noticed Duvessa
  6614 | D:5      | Noticed Dowan
  6635 | D:5      | Reached skill level 7 in Maces & Flails
  6641 | D:5      | Killed Duvessa
  6662 | D:5      | Killed Dowan
  7108 | D:5      | Reached skill level 8 in Maces & Flails
  7344 | D:5      | Found a white marble altar of Elyvilon.
  7503 | D:6      | Noticed Menkaure
  7505 | D:6      | Killed Menkaure
  7588 | D:6      | Noticed Rationalist's ghost (novice MiFi)
  7598 | D:6      | Killed Rationalist's ghost
  7598 | D:6      | Reached skill level 9 in Maces & Flails
  7598 | D:6      | Reached XP level 9. HP: 49/88 MP: 9/9
  7867 | D:6      | Reached * piety under Makhleb
  7933 | D:6      | Found a glowing silver altar of Zin.
  7933 | D:6      | Noticed Grinder
  7934 | D:6      | Noticed Blork the orc
  7949 | D:6      | Killed Grinder
  7949 | D:6      | Reached skill level 10 in Maces & Flails
  8006 | D:6      | Killed Blork the orc
  8327 | D:6      | Found a shimmering altar of Xom.
  8328 | D:6      | Found an ancient bone altar of Kikubaaqudgha.
  8330 | D:6      | Found a basalt altar of Yredelemnul.
  9413 | D:7      | Found an opulent altar of Gozag.
  9635 | D:7      | Reached skill level 11 in Maces & Flails
 10021 | D:7      | Reached ** piety under Makhleb
 10021 | D:7      | Reached XP level 10. HP: 46/96 MP: 10/10
 10476 | D:7      | Reached skill level 12 in Maces & Flails
 10504 | D:7      | Noticed Joseph
 10511 | D:7      | Killed Joseph
 11672 | D:7      | Reached *** piety under Makhleb
 12375 | D:8      | Reached skill level 13 in Maces & Flails
 12516 | D:8      | Found a snail-covered altar of Cheibriados.
 12970 | D:9      | Reached skill level 10 in Dodging
 13239 | D:9      | Reached XP level 11. HP: 109/109 MP: 11/11
 13273 | D:9      | Reached **** piety under Makhleb
 13273 | D:9      | Reached skill level 1 in Invocations
 13344 | D:10     | Entered Level 10 of the Dungeon
 13983 | D:10     | Noticed a manticore
 13991 | D:10     | Killed a manticore
 15348 | D:11     | Noticed a red ugly thing
 16885 | D:11     | Noticed a hill giant
 16893 | D:11     | HP: 3/113 [killer bee (3)]
 16893 | D:11     | Slain by a killer bee

Skill      XL: |  1  2  3  4  5  6  7  8  9 10 11 |
---------------+----------------------------------+-----
Dodging        | 2 3 4 5 7 8 10 | 10.0
Fighting       | 3 4 5 7 8 |  8.5
Maces & Flails | 2 4 6 9 11 13 | 13.8
Throwing       | 5 |  5.2
Invocations    | 4 |  4.0
Stealth        | |  0.7

Action                   |  1- 3 |  4- 6 |  7- 9 | 10-12 || total
-------------------------+-------+-------+-------+-------++-------
Melee: Short sword       |    10 |       |       |       ||    10
       Club              |    19 |       |       |       ||    19
       Mace              |    37 |       |       |       ||    37
       Dagger            |       |   106 |       |       ||   106
       Flail             |       |    84 |   131 |       ||   215
       Giant spiked club |       |       |   134 |   401 ||   535
       Dire flail        |       |       |       |    10 ||    10
 Fire: Blowgun           |       |       |    31 |     3 ||    34
Throw: Large rock        |    28 |    15 |    10 |    17 ||    70
       Throwing net      |     6 |     2 |       |       ||     8
       Stone             |     4 |    52 |    66 |       ||   122
       Tomahawk          |       |       |       |    19 ||    19
Invok: Minor Destruction |       |       |       |     1 ||     1
       Lesser Servant of |       |       |       |     1 ||     1
  Use: Potion            |       |     2 |     3 |     2 ||     7
       Scroll            |       |     5 |    11 |    11 ||    27
 Stab: Sleeping          |     3 |     1 |       |     1 ||     5
       Invisible         |       |       |     2 |       ||     2
       Distracted        |       |       |       |     1 ||     1
  Eat: Chunk             |     1 |     8 |     6 |    44 ||    59
       Meat ration       |       |       |     1 |       ||     1
       Bread ration      |       |       |     2 |       ||     2
       Pizza             |       |       |       |     2 ||     2
       Beef jerky        |       |       |       |     1 ||     1
Armor: Robe              |    22 |    39 |    40 |    49 ||   150
Dodge: Dodged            |    38 |   115 |   152 |   385 ||   690
